 Dungeon Crawl Stone Soup version 0.20-a0-309-gcba9277 (webtiles) character file.

55 Karnivor the Charmwright (level 3, 0/27 HPs)
             Began as a Vampire Skald on Dec 19, 2016.
             Slain by a scorpion (7 damage)
             ... on level 2 of the Dungeon.
             The game lasted 00:09:00 (2385 turns).

Karnivor the Charmwright (Vampire Skald)            Turns: 2385, Time: 00:09:01

Health: 0/27       AC:  5    Str: 11    XL:     3   Next: 67%
Magic:  3/6        EV: 12    Int: 15    God:
Gold:   112        SH:  0    Dex: 13    Spells: 1/7 levels left

rFire  . . .     SeeInvis +     a - +0 short sword
rCold  + . .     Gourm    .     e - +1 robe
rNeg   + + .     Faith    .     (no shield)
rPois  +         Spirit   .     (no helmet)
rElec  .         Reflect  .     (no cloak)
rCorr  .         Harm     .     m - +1 pair of gloves
MR     .....                    (no boots)
Stlth  ++........               (no amulet)
                                (no ring)
                                (no ring)

@: infused, regenerating slowly
A: fangs 3, see invisible, unbreathing
a: Bat Form


You were on level 2 of the Dungeon.
You were near bloodless.

You visited 1 branch of the dungeon, and saw 2 of its levels.

You collected 112 gold pieces.

Inventory:

Hand Weapons
 a - a +0 short sword (weapon)
Missiles
 l - 7 silver javelins (quivered)
Armour
 b - a +0 leather armour
 e - a +1 robe (worn)
 m - a +1 pair of gloves (worn)
Jewellery
 n - a cursed ring of loudness {unknown}
Scrolls
 f - 2 scrolls of teleportation {unknown}
 h - 4 scrolls of enchant armour
 i - a scroll of blinking {unknown}
 j - 3 scrolls of identify
Potions
 d - 11 potions of blood
 g - a potion of ambrosia {unknown}
 k - a potion of might
Books
 c - a book of Battle

   Spells                             Type                      Level
   a - Infusion                       Charms                       1
   b - Shroud of Golubria             Charms/Translocation         2
   c - Song of Slaying                Charms                       2
   d - Spectral Weapon                Hexes/Charms                 3
   e - Regeneration                   Charms/Necromancy            3


   Skills:
 + Level 2.2 Fighting
 + Level 2.6 Short Blades
 + Level 1.1 Armour
 + Level 1.8 Dodging
 + Level 0.0 Stealth
 + Level 2.5 Spellcasting
 + Level 3.4 Charms
 + Level 0.2 Necromancy
 + Level 0.1 Translocations


You had one spell level left.
You knew the following spells:

 Your Spells              Type           Power        Failure   Level  Hunger
a - Infusion              Chrm           ##..         6%          1    #......
b - Shroud of Golubria    Chrm/Tloc      #.........   17%         2    ###....
c - Regeneration          Chrm/Necr      #.........   34%         3    ###....


Dungeon Overview and Level Annotations

Branches:
Dungeon (2/15)

Altars:


Innate Abilities, Weirdness & Mutations

You heal slowly.
You have razor-sharp teeth.
You have supernaturally acute eyesight. (SInv)
You can survive without breathing.


Message History

The scorpion stings you.
Your shroud falls apart!
You hit the scorpion but do no damage.
The scorpion is almost dead.
The scorpion stings you!
* * * LOW HITPOINT WARNING * * *
You are too injured to fight recklessly!
You are too injured to fight recklessly!
You are too injured to fight recklessly!
You are too injured to fight recklessly!
You are too injured to fight recklessly!
You are too injured to fight recklessly!
You are too injured to fight recklessly!
You are too injured to fight recklessly!
You are too injured to fight recklessly!
You are too injured to fight recklessly!
You closely miss the scorpion.
The scorpion is almost dead.
The scorpion stings you!
You die...

######### #..รท....#
#.#####.################
#.# #......%...........^
#.# #.#.################
#.# #.#.# #.# #.#.# #.#
#.#@# #.# #.#s# #.#
#.#.# #.#
#.#.################ #.#
#.#................. #.#
#>.................. #)#
#.#...........###### #.#
#.#.#########.# #.#
#.#.# #.#


You could see a scorpion.

Vanquished Creatures
  2 adders (D:2)
  2 dart slugs
  A giant cockroach (D:2)
  4 goblins (D:2)
  2 hobgoblins (D:1)
  3 kobolds
  2 quokkas (D:2)
  A ball python (D:1)
  9 bats
  A frilled lizard (D:1)
  5 rats
32 creatures vanquished.

Notes
Turn   | Place    | Note
-------+----------+-------------------------------------------
     0 | D:1      | Karnivor the Vampire Skald began the quest for the Orb.
     0 | D:1      | Reached XP level 1. HP: 16/16 MP: 3/3
   368 | D:1      | Reached XP level 2. HP: 15/22 MP: 5/5
   462 | D:1      | Learned a level 2 spell: Shroud of Golubria
   532 | D:1      | Reached skill level 1 in Armour
  1472 | D:2      | Reached XP level 3. HP: 23/27 MP: 6/6
  1480 | D:2      | Learned a level 3 spell: Regeneration
  2370 | D:2      | Noticed a scorpion
  2385 | D:2      | Slain by a scorpion

Vault maps used:
D:1:      evilmike_arrival_rings, minmay_shallow_snake_nest
D:2:      minmay_wonky_spiral, first_bread, feat_on_display

Skill      XL: |  1  2 |
---------------+-------+-----
Armour         | 1 |  1.1
Fighting       | 2 |  2.2
Short Blades   | |  2.6
Dodging        | |  1.8
Spellcasting   | |  2.5
Charms         | |  3.4
Necromancy     | |  0.2
Translocations | |  0.1

Action                   || total
-------------------------++-------
Melee: Short sword       ||   127
       Bite              ||     9
 Cast: Infusion          ||     9
       Shroud of Golubri ||     2
  Use: Scroll            ||     5
       Potion            ||     1
 Stab: Sleeping          ||     4
Armor: Robe              ||    32
Dodge: Dodged            ||    85
